Get step-by-step instructions on how to execute this build order below. Start the game timer, and the build order will tick by so you can play in parallel with StarCraft on a second screen or mobile device.

Game Time

  0:00

Last Step

  N/A

Next Step

  12  0:00  Probe  

Upcoming Step

  13  0:12  Probe  

Don't want to look back and forth between 2 screens? Try out our Overwolf App, the Spawning Tool Build Advisor to get an in-game overlay with this build!

Complete Build Order

  12  0:00  Probe  
  13  0:12  Probe  
  14  0:21  Pylon  
  14  0:24  Probe  
  15  0:39  Probe (Chrono Boost)  
  15  0:42  Gateway  
  16  0:48  Probe (Chrono Boost)  
  17  0:50  Assimilator  
  17  0:53  Probe (Chrono Boost)  
  18  1:05  Probe  
  19  1:17  Probe  
  20  1:29  Nexus  
  20  1:38  Cybernetics Core  
  20  1:41  Probe  
  20  1:45  Assimilator  
  21  1:53  Probe  
  22  1:56  Pylon  
  22  2:05  Probe  
  23  2:13  Adept (Chrono Boost)  
  23  2:17  Probe  
  26  2:23  Stargate  
  27  2:30  Probe (Chrono Boost)  
  27  2:34  Warp Gate  
  27  2:37  Adept  
  27  2:40  Probe (Chrono Boost)  
  27  2:42  Probe (Chrono Boost)  
  31  2:51  Probe x2 (Chrono Boost)  
  33  2:56  Probe x2 (Chrono Boost)  
  35  3:07  Oracle (Chrono Boost), Adept, Probe  
  35  3:08  Probe  
  42  3:15  Pylon  
  42  3:19  Probe  
  43  3:20  Probe  
  44  3:31  Probe  
  44  3:32  Probe  
  46  3:34  Oracle (Chrono Boost)  
  49  3:44  Nexus  
  49  3:46  Probe  
  49  3:47  Probe  
  51  3:51  Pylon  
  51  3:58  Gateway  
  51  3:59  Probe  
  51  4:00  Probe  
  53  4:05  Assimilator  
  53  4:07  Assimilator  
  53  4:11  Probe  
  53  4:12  Probe  
  53  4:16  Robotics Facility  
  55  4:24  Probe  
  56  4:25  Probe  
  56  4:30  Forge, Twilight Council  
  57  4:36  Probe  
  57  4:37  Probe  
  59  4:39  Adept  
  59  4:48  Probe  
  59  4:49  Probe  
  57  4:53  Adept, Protoss Ground Weapons Level 1 (Chrono Boost)  
  57  4:54  Charge (Chrono Boost)  
  57  4:58  Gateway, Probe  
  57  4:59  Gateway  
  60  5:00  Probe  
  60  5:01  Probe  
  62  5:10  Probe  
  62  5:11  Zealot  
  62  5:12  Probe  
  62  5:13  Probe  
  67  5:16  Warp Prism (Chrono Boost)  
  69  5:22  Probe  
  69  5:24  Probe  
  69  5:25  Pylon, Probe  
  72  5:32  Pylon  
  72  5:34  Probe  
  72  5:35  Templar Archives  
  73  5:36  Probe  
  73  5:37  Probe  
  75  5:46  Gateway  
  75  5:48  Gateway, Probe  
  77  5:50  Probe  
  77  5:52  Gateway  
  77  5:54  Gateway  
  77  5:55  Pylon  
  77  6:00  Assimilator  
  77  6:02  Shield Battery  
  77  6:03  Assimilator  
  77  6:08  Pylon  
  77  6:11  Probe x3  
  80  6:12  High Templar x2  
  80  6:13  High Templar x2  
  80  6:14  Observer  
  80  6:16  Pylon  
  80  6:17  Archon x2  
  89  6:23  Probe x3  
  89  6:24  Pylon  
  92  6:26  Pylon  
  92  6:30  Pylon  
  92  6:34  Pylon, Immortal  
  92  6:35  Pylon, Photon Cannon  
  96  6:40  Zealot  
  96  6:43  Zealot  
  98  6:54  Protoss Ground Weapons Level 2  
  96  7:01  Zealot x8  
  96  7:06  Robotics Facility  
  96  7:08  Pylon  
  112  7:11  Immortal (Chrono Boost)  
  112  7:12  Pylon  
  116  7:17  Shield Battery  
  116  7:22  Photon Cannon  
  116  7:24  Shield Battery  
  116  7:31  Zealot x6  
  116  7:32  Zealot  
  116  7:34  Zealot  
  132  7:42  Immortal (Chrono Boost)  
  130  7:55  Zealot x4  
  136  7:58  Zealot  
  136  7:59  Zealot  
  138  8:06  Zealot x2  
  138  8:07  Immortal (Chrono Boost)  
  138  8:12  Immortal (Chrono Boost)  
  132  8:24  High Templar x3  
  132  8:25  High Templar  
  132  8:31  Archon  
  132  8:32  Sentry x2, Archon  
  132  8:33  Sentry x2  
  138  8:37  Immortal (Chrono Boost)  
  138  8:39  Pylon  
  142  8:41  Nexus  
  142  8:43  Immortal (Chrono Boost)  
  145  8:54  Pylon  
  143  8:55  Nexus  
  143  8:59  Pylon  
  143  9:02  High Templar x4  
  151  9:03  Zealot x3  
  151  9:08  Pylon  
  151  9:09  Archon x2  
  157  9:10  Pylon  
  157  9:12  Pylon  
  161  9:26  Zealot x4  
  157  9:39  Zealot x4